[Event "18th Cvijet Mediterana 2018"]
[Site "Rijeka"]
[Date "2018.02.27"]
[Round "4"]
[White "Tsatsalashvili, Keti"]
[Black "Berke, Ana"]
[Result "0-1"]
[ECO "A57"]
[WhiteElo "2307"]
[BlackElo "2151"]
[Annotator "ChessBase"]
[PlyCount "132"]
[EventDate "2018.??.??"]
[EventCountry "CRO"]
[SourceTitle "playchess.com"]
[Source "ChessBase"]
[SourceQuality "1"]
[TimeControl "5400+30"]

1. d4 Nf6 2. c4 c5 3. d5 b5 4. g3 d6 5. Bg2 g6 6. cxb5 a6 7. b6 Nbd7 8. Bd2 Qxb6 9. Bc3 a5 10. Nf3 Bg7 11. Na3 a4 12. Nd2 O-O 13. Ndc4 Qa6 14. O-O Nb6 15. Na5 Nfxd5 16. Bxg7 Kxg7 17. N5c4 Bb7 18. Rc1 Nf6 19. f3 d5 20. Ne5 Rac8 21. Bh3 e6 22. e3 Rfd8 23. Rf2 Nbd7 24. Bf1 c4 25. Ng4 Qb6 26. Rc3 Nxg4 27. fxg4 e5 28. Bg2 Nc5 29. Qf1 Qe6 30. g5 Qe7 31. Rcc2 Nd3 32. Rf6 e4 33. Nb5 Rc6 34. Rxc6 Bxc6 35. Nd4 Bd7 36. h4 Qd6 37. Kh2 Rb8 38. Qa1 f6 39. gxf6+ Qxf6 40. Rd2 h6 41. Rd1 Rxb2 42. Rf1 Rf2 43. Rxf2 Nxf2 44. Qe1 g5 45. h5 Bg4 46. Qa5 Bxh5 47. Qxd5 Bf7 48. Qd7 h5 49. Nf5+ Kh7 50. Nd6 Ng4+ 51. Kh3 Nf2+ 52. Kh2 Ng4+ 53. Kh3 Nf2+ 54. Kh2 Kg6 55. Nxe4 Nxe4 56. Bxe4+ Kg7 57. Qxa4 Qf2+ 58. Bg2 Qxe3 59. Qd1 Qe5 60. Kh1 c3 61. a4 Qc5 62. Qa1 Bd5 63. a5 Kg6 64. a6 c2 65. Bxd5 Qxd5+ 66. Kh2 Qd2+ 0-1

[Event "18th Cvijet Mediterana 2018"]
[Site "Rijeka"]
[Date "2018.02.27"]
[Round "4"]
[White "Velickovski-Nejkovic, Maja"]
[Black "Cvitan, Ena"]
[Result "1-0"]
[ECO "D31"]
[WhiteElo "2186"]
[BlackElo "2222"]
[Annotator "NA RC"]
[PlyCount "59"]
[EventDate "2018.??.??"]
[EventCountry "CRO"]
[SourceTitle "playchess.com"]
[Source "ChessBase"]
[SourceQuality "1"]
[TimeControl "5400+30"]

1. c4 e6 2. Nc3 d5 3. d4 a6 4. cxd5 exd5 5. Bf4 {D31: Queen's Gambit Declined: Semi-Slav without ...Nf6 (+ Marshall Gambit and Noteboom) and Exchange Variation lines without ...Nf6} Nf6 6. e3 Bd6 7. Bg3 O-O 8. Bd3 Qe7 $146 ({Predecessor:} 8... Bg4 9. Nge2 Re8 10. Rc1 Bxe2 11. Nxe2 c6 12. Qb3 Qa5+ {1-0 (38) Volkov,S (2610)-Ivanisevic,I (2655) Legnica 2013}) 9. Nge2 Be6 10. Qc2 Nbd7 11. Bh4 h6 12. g4 c5 13. g5 Ne4 14. Bxe4 dxe4 15. Qxe4 hxg5 16. Bg3 f5 17. Bxd6 Qxd6 (17... fxe4 $2 {verliert.} 18. Bxe7 Rfe8 19. Bxc5 $18) 18. Qg2 f4 19. Qxg5 Rf5 20. Qh4 b5 21. Nxf4 cxd4 22. O-O-O Rxf4 23. exf4 Qc5 24. f5 Bd5 {[#]} 25. Rhg1 $1 dxc3 26. f6 cxb2+ 27. Kxb2 Qc4 28. Rxg7+ Kf8 29. Qxc4 $18 bxc4 30. Rxd7 1-0

[Event "18th Cvijet Mediterana 2018"]
[Site "Rijeka"]
[Date "2018.02.27"]
[Round "4"]
[White "Kejzar, Petra"]
[Black "Vujnovic, Patricija"]
[Result "1/2-1/2"]
[ECO "B03"]
[WhiteElo "2039"]
[BlackElo "2083"]
[Annotator "NA RC"]
[PlyCount "94"]
[EventDate "2018.??.??"]
[EventCountry "CRO"]
[SourceTitle "playchess.com"]
[Source "ChessBase"]
[SourceQuality "1"]
[TimeControl "5400+30"]

1. e4 Nf6 2. e5 Nd5 3. d4 d6 4. c4 Nb6 5. exd6 cxd6 6. Nc3 g6 7. Be3 Bg7 8. Rc1 O-O 9. b3 Bf5 10. Nf3 {B03: Alekhine's Defence: Four Pawns Attack} (10. d5 e5 11. dxe6 Bxe6 12. Nge2 d5 13. c5 Nc6 14. Nd4 Bxd4 15. Bxd4 Re8 16. cxb6 Qh4 17. Ne2 axb6 {1-0 (38) Xiong,J (2618)-Kamsky,G (2678) Saint Louis 2016}) 10... d5 11. c5 Nc8 12. b4 a6 13. Qb3 Be4 $146 ({Predecessor:} 13... e6 14. Be2 Nc6 15. O-O Bg4 16. Rfd1 N8e7 17. b5 axb5 18. Nxb5 {0-1 (46) Burrows,M (2113)-Sarkar,J (2390) Reykjavik 2017}) 14. Nxe4 dxe4 15. Ne5 Nc6 16. Nxc6 bxc6 17. Bc4 e6 18. O-O Ne7 19. Rfd1 Nd5 20. a3 f5 21. Bxd5 exd5 22. Bf4 g5 23. Bd6 Rf7 24. Rb1 f4 25. a4 f3 (25... Rb7 $11 {keeps the balance.}) 26. b5 axb5 27. axb5 Bf8 28. Bxf8 Kxf8 29. bxc6 Rc8 30. Qb6 Rfc7 (30... Qf6 $16 {was worth a try.}) 31. Ra1 (31. gxf3 $18 exf3 32. Qb3) 31... Qf6 $1 32. Ra7 Rxa7 33. Qxa7 Qe6 34. Qd7 Rxc6 35. Qxe6 $2 ({Better is} 35. Qxh7 $18 Rc8 36. gxf3) 35... Rxe6 36. gxf3 exf3 37. h3 h5 38. Kh2 g4 {[#]} (38... Re4 $11 {keeps the balance.}) 39. hxg4 ({Günstiger ist} 39. Rc1 $1 $16) 39... hxg4 40. Kg3 Re4 $1 41. Kh4 Ke7 42. Kg5 Kd7 43. Kf6 Re2 44. Kf5 Re4 45. Kg5 Kc6 46. Kf5 Kb5 47. Rb1+ Kc6 $11 1/2-1/2

[Event "18th Cvijet Mediterana 2018"]
[Site "Rijeka"]
[Date "2018.02.28"]
[Round "5"]
[White "Vujnovic, Patricija"]
[Black "Velickovski-Nejkovic, Maja"]
[Result "1/2-1/2"]
[ECO "C30"]
[WhiteElo "2083"]
[BlackElo "2186"]
[Annotator "NA RC"]
[PlyCount "122"]
[EventDate "2018.??.??"]
[EventCountry "CRO"]
[SourceTitle "playchess.com"]
[Source "ChessBase"]
[SourceQuality "1"]
[TimeControl "5400+30"]

1. e4 d6 2. Nc3 e5 3. f4 exf4 {C30: King's Gambit Declined} 4. Nf3 Ne7 5. d4 Ng6 6. Bc4 (6. Bd3 Be7 7. O-O Nd7 8. Nd5 Ndf8 9. Qe1 Ne6 10. Nxe7 Qxe7 11. h4 {0-1 (58) Rapport,R (2752)-Jobava,B (2665) Baku 2016}) 6... Be7 7. O-O O-O {LiveBook: 5 Games} 8. Ne2 Be6 9. Bd3 f5 10. d5 fxe4 11. Bxe4 Bf5 12. Bxf5 $146 Rxf5 13. Nfd4 Rxd5 14. c4 Re5 15. Nxf4 c6 16. Nxg6 hxg6 17. Qg4 d5 18. Nf3 (18. Bf4 $1 $14 Re4 19. Ne6) 18... Bc5+ 19. Kh1 Rf5 20. Qxg6 Qf6 21. Qe8+ Qf8 22. Qe6+ Qf7 23. Qc8+ Bf8 24. cxd5 Qxd5 25. Qxb7 Qb5 26. Qxb5 cxb5 27. Be3 Nc6 28. Rac1 Re8 29. Bf2 Re6 30. Kg1 Rd5 31. a3 a6 32. Rfe1 Rxe1+ 33. Bxe1 Bc5+ 34. Bf2 Bxf2+ 35. Kxf2 Na5 36. Rc2 Nc4 37. a4 Nd6 38. axb5 axb5 39. Ke3 g6 40. b3 Kf7 41. g4 Ke6 42. Rd2 $18 Rxd2 43. Nxd2 Kd5 44. h4 Nf7 45. Nf3 Nd8 46. Nd4 b4 47. Nc2 Kc5 48. Kf4 Nf7 49. h5 gxh5 50. gxh5 Kd5 51. Nxb4+ Ke6 52. Nc6 Kd6 53. Nd4 Kd5 54. Ke3 Ne5 55. b4 Ng4+ 56. Kf4 Nf6 57. Kg5 Nxh5 58. b5 Ng3 59. b6 Ne4+ 60. Kf5 Kxd4 61. Ke6 Nc5+ 1/2-1/2

[Event "18th Cvijet Mediterana 2018"]
[Site "Rijeka"]
[Date "2018.03.02"]
[Round "8"]
[White "Doluhanova, Evgeniya"]
[Black "Tomilova, Elena"]
[Result "1/2-1/2"]
[ECO "C01"]
[WhiteElo "2319"]
[BlackElo "2331"]
[Annotator "NA"]
[PlyCount "51"]
[EventDate "2018.??.??"]
[EventCountry "CRO"]
[SourceTitle "playchess.com"]
[Source "ChessBase"]
[SourceQuality "1"]
[TimeControl "5400+30"]

1. e4 e6 2. d4 d5 3. Bd3 dxe4 4. Bxe4 Nf6 {LiveBook: 292 Games} 5. Bf3 c5 6. Ne2 Be7 {C01: Französische Verteidigung (Abtauschvariante)} (6... Nc6 7. Be3 Nd5 8. Bxd5 Qxd5 9. Nbc3 Qxg2 10. Rg1 Qf3 11. Nb5 Rb8 12. dxc5 Bd7 13. Nc7+ Kd8 14. Nb5 {0-1 (54) Kramnik,V (2808)-Caruana,F (2808) Stavanger 2017}) 7. Be3 O-O 8. O-O Qa5 9. Nbc3 Nc6 10. Qe1 cxd4 11. Nxd4 Ne5 12. Qe2 Nxf3+ 13. Qxf3 Bd7 14. Rfd1 $146 ({Vorgänger:} 14. Rfe1) 14... Rfd8 15. h3 Qc7 16. Bg5 Be8 17. Rd3 a6 18. Rad1 Rac8 19. a3 h6 20. Bh4 Rd7 21. Qe2 Rcd8 22. Ne4 $11 Nxe4 23. Bxe7 Rxe7 24. Qxe4 Red7 25. c3 Rd5 26. Nf3 1/2-1/2

[Event "18th Cvijet Mediterana 2018"]
[Site "Rijeka"]
[Date "2018.03.02"]
[Round "8"]
[White "Cvitan, Ena"]
[Black "Berke, Ana"]
[Result "1-0"]
[ECO "A57"]
[WhiteElo "2222"]
[BlackElo "2151"]
[Annotator "ChessBase"]
[PlyCount "85"]
[EventDate "2018.??.??"]
[EventCountry "CRO"]
[SourceTitle "playchess.com"]
[Source "ChessBase"]
[SourceQuality "1"]
[TimeControl "5400+30"]

1. d4 Nf6 2. c4 c5 3. d5 b5 4. Nd2 g6 5. e4 d6 6. Ngf3 Bg7 7. cxb5 O-O 8. a4 a6 9. Ra3 e6 10. dxe6 fxe6 11. Be2 Bb7 12. Qc2 Nbd7 13. O-O d5 14. Rd1 axb5 15. Bxb5 Qc7 16. h3 Kh8 17. b4 Rac8 18. bxc5 Nxc5 19. exd5 exd5 20. Bb2 Qe7 21. Qb1 Ba8 22. Re3 Qb7 23. Rde1 Nce4 24. Bd4 Qc7 25. Qa1 Qf4 26. Be5 Qf5 27. Nb3 Qe6 28. Nbd4 Qf7 29. Qb2 h6 30. Rc1 Rxc1+ 31. Qxc1 Kh7 32. Re2 Qe7 33. Rc2 Qb4 34. Rc7 Rg8 35. Ne6 g5 36. Nfd4 Kg6 37. f3 Nd2 38. Bd3+ Nfe4 39. Nxg7 Rb8 40. fxe4 dxe4 41. Bb5 Rf8 42. Nge6 Re8 43. Rg7+ 1-0

[Event "18th Cvijet Mediterana 2018"]
[Site "Rijeka"]
[Date "2018.03.02"]
[Round "8"]
[White "Kejzar, Petra"]
[Black "Tsatsalashvili, Keti"]
[Result "1/2-1/2"]
[ECO "B19"]
[WhiteElo "2039"]
[BlackElo "2307"]
[Annotator "ChessBase"]
[PlyCount "77"]
[EventDate "2018.??.??"]
[EventCountry "CRO"]
[SourceTitle "playchess.com"]
[Source "ChessBase"]
[SourceQuality "1"]
[TimeControl "5400+30"]

1. e4 c6 2. d4 d5 3. Nc3 dxe4 4. Nxe4 Bf5 5. Ng3 Bg6 6. h4 h6 7. Nf3 Nd7 8. h5 Bh7 9. Bd3 Bxd3 10. Qxd3 e6 11. Bd2 Ngf6 12. O-O-O Be7 13. Kb1 Qc7 14. Ne4 Nxe4 15. Qxe4 Nf6 16. Qe2 Rd8 17. g4 c5 18. g5 hxg5 19. Bxg5 Rxh5 20. Bxf6 Rxh1 21. Rxh1 Bxf6 22. Qb5+ Qc6 23. Qxc6+ bxc6 24. Rh8+ Ke7 25. Rxd8 Kxd8 26. dxc5 Kd7 27. c4 e5 28. Kc2 Ke6 29. b4 Be7 30. Kd3 f5 31. Ke3 g5 32. Nd2 g4 33. Nb3 Bg5+ 34. Ke2 Kd7 35. a4 f4 36. f3 g3 37. Nd2 Bh4 38. Kf1 Be7 39. a5 1/2-1/2

[Event "18th Cvijet Mediterana 2018"]
[Site "Rijeka"]
[Date "2018.03.03"]
[Round "9.2"]
[White "Berke, Ana"]
[Black "Vujnovic, Patricija"]
[Result "1/2-1/2"]
[ECO "B51"]
[WhiteElo "2151"]
[BlackElo "2083"]
[Annotator "NA"]
[PlyCount "121"]
[EventDate "2018.??.??"]
[EventCountry "CRO"]
[SourceTitle "playchess.com"]
[Source "ChessBase"]
[SourceQuality "1"]
[TimeControl "5400+30"]

1. e4 c5 2. Nf3 d6 3. Bb5+ Nd7 4. O-O Ngf6 5. Re1 a6 6. Bf1 e6 7. c3 Be7 8. d4 cxd4 {[%emt 0:00:30] LiveBook: 16 Games} 9. cxd4 O-O 10. Nc3 {[%emt 0:00:00] B51: Sicilian: Moscow Variation (3 Bb5+) without 3...Bd7} b5 11. e5 dxe5 $146 ({Find the theoretical novelty and annotate with similar games:} 11... Nd5 12. Nxd5 exd5 13. Bf4 dxe5 14. dxe5 Nc5 15. Nd4 Be6 16. Nc6 Qd7 17. Nxe7+ Qxe7 {1-0 (48) Toufighi,H (2454)-Farid,F (2249) Kolkata 2009}) 12. dxe5 Ne8 $1 13. Bf4 Bb7 14. Ne4 Nb6 15. Qe2 Nc7 16. Nfg5 Bxe4 17. Nxe4 Ncd5 18. Bg3 Rc8 19. Red1 Na4 20. Rd4 Qb6 21. Rad1 Rc4 22. Rxc4 bxc4 23. Rd2 a5 24. Qxc4 Nc5 $16 {[%emt 0:00:42] [#]} (24... Nxb2 $11 25. Qb3 Qxb3 26. axb3 Ba3) 25. b3 (25. Nd6 $1 $16) 25... Nxe4 26. Qxe4 Rc8 27. Bc4 Qb4 28. Qd3 Nb6 29. Rc2 Rd8 30. Qf1 g6 31. h3 Kg7 32. Bf4 Nd5 33. Bd2 Qc5 34. Qc1 Nb4 35. Bxb4 Qxb4 36. g3 Qb6 37. h4 Qd4 38. Re2 Bxh4 39. gxh4 Qg4+ 40. Kh2 Qxh4+ 41. Kg2 Qg4+ 42. Kh2 Qh5+ 43. Kg2 Qg4+ 44. Kh2 Rd4 45. f4 Rxf4 46. Rg2 Qh5+ 47. Kg1 Rd4 48. Qe3 Qd1+ 49. Bf1 Rh4 50. Qf2 Qh5 51. Qf6+ Kg8 52. Be2 Rh1+ 53. Kf2 Qh3 54. Qd8+ Kg7 55. Qf6+ Kg8 56. Bf3 Ra1 57. Qd8+ Kg7 58. Qf6+ Kg8 59. Qd8+ Kg7 60. Qf6+ Kg8 61. Qd8+ 1/2-1/2

[Event "18th Cvijet Mediterana 2018"]
[Site "Rijeka"]
[Date "2018.03.03"]
[Round "9.4"]
[White "Tsatsalashvili, Keti"]
[Black "Velickovski-Nejkovic, Maja"]
[Result "1-0"]
[ECO "A46"]
[WhiteElo "2307"]
[BlackElo "2186"]
[Annotator "NA"]
[PlyCount "101"]
[EventDate "2018.??.??"]
[EventCountry "CRO"]
[SourceTitle "playchess.com"]
[Source "ChessBase"]
[SourceQuality "1"]
[TimeControl "5400+30"]

1. d4 d6 2. Nf3 Bg4 3. Nbd2 Nf6 4. h3 Bh5 {[%emt 0:00:30] LiveBook: 50 Games} 5. c4 {[%emt 0:02:00] A46: 1 d4 Nf6 2 Nf3 e6: Torre, London and Colle Systems} (5. e4 Nbd7 6. Be2 e5 7. O-O Be7 8. dxe5 dxe5 9. Nh4 Bg6 10. Nxg6 hxg6 11. Bc4 c6 12. a4 a5 13. Qf3 {0-1 (39) Bernadskiy,V (2525)-Bortnyk,O (2539) Lutsk 2015}) 5... c6 6. Qb3 Qc7 7. e3 Nbd7 8. Bd3 $146 ({Predecessor:} 8. Be2 e5 9. g4 Bg6 10. Nh4 Be7 11. f4 Be4 12. Nxe4 Nxe4 {0-1 (22) Hruby,V (1892)-Benes,P (2206) Liberec 2005}) 8... e5 9. Qc2 Bg6 10. Bxg6 hxg6 11. O-O Be7 12. b3 O-O 13. Bb2 Rfe8 14. a3 Bf8 15. Rac1 exd4 16. Nxd4 d5 17. b4 Rac8 18. N4f3 a5 19. cxd5 Nxd5 20. b5 c5 (20... Nc5 $11) 21. Rfd1 N7f6 $2 (21... N7b6 $11) 22. Nc4 Re6 {[%emt 0:10:30] [#]} 23. e4 $1 Nf4 24. Be5 Rxe5 25. Nfxe5 Re8 26. b6 Qc8 27. Re1 g5 28. Qb3 Re6 29. Rcd1 Qe8 30. Qc3 a4 31. Kh2 Qc8 32. Qg3 Nh7 33. Rd2 Qe8 34. Qc3 Rh6 35. Ng4 Re6 36. e5 f5 37. Nge3 Qc6 38. f3 ({Not} 38. g3 Qf3 $18) 38... g4 39. fxg4 fxg4 40. Nxg4 Ng5 41. Qe3 Nxg2 42. Rxg2 Nf3+ 43. Kh1 Nxe1 44. Qxe1 Qf3 45. Kg1 Qxh3 $18 46. Nf6+ Kf7 47. Ne4 Be7 48. Qf1+ Ke8 49. Rxg7 Qh5 50. Ncd6+ Kd7 51. Qb5+ 1-0